 Dungeon Crawl Stone Soup version 0.28.0-43-g3370ac3207 (webtiles) character file.

Game seed: 13064903558608311470

228 pkoi the Gusty (level 5, -3/38 HPs)
             Began as a Draconian Air Elementalist on Mar 18, 2022.
             Was an Initiate of Hepliaklqana.
             Slain by Duvessa
             ... wielding a +0 short sword
              (4 damage)
             ... on level 4 of the Dungeon.
             The game lasted 00:07:29 (7443 turns).

pkoi the Gusty (Draconian Air Elementalist)         Turns: 7443, Time: 00:07:30

Health: -3/38      AC:  5    Str: 11    XL:     5   Next: 70%
Magic:  0/8        EV: 12    Int: 17    God:    Hepliaklqana [......]
Gold:   225        SH:  0    Dex: 11    Spells: 4/8 levels left

rFire   . . .      SeeInvis .     - Unarmed
rCold   . . .      Faith    .   (no shield)
rNeg    . . .      Spirit   .   (armour unavailable)
rPois   .          Reflect  .   (helmet restricted)
rElec   .          Harm     .   (no cloak)
rCorr   .          Rampage  .   (no gloves)
Will    .....                   (no boots)
Stlth   ++........              (no amulet)
HPRegen 0.12/turn               (no ring)
MPRegen 0.11/turn               (no ring)

@: no status effects
A: AC +5, unfitting armour, cold-blooded
a: Renounce Religion


You were on level 4 of the Dungeon.
You worshipped Hepliaklqana.
Hepliaklqana was noncommittal.
You visited 2 branches of the dungeon, and saw 5 of its levels.

You collected 225 gold pieces.

Inventory:

Missiles
 j - 3 poisoned darts
Jewellery
 m - a ring of magical power
Scrolls
 c - 2 scrolls of vulnerability {unknown}
 h - a scroll of brand weapon {unknown}
 i - a scroll of enchant weapon {unknown}
 k - 2 scrolls of holy word {unknown}
 l - a scroll of fog {unknown}
 n - a scroll of torment {unknown}
 o - a scroll of enchant armour {unknown}
Potions
 a - 2 potions of curing {unknown}
 b - 2 potions of attraction {unknown}
 d - a potion of lignification {unknown}
 e - 2 potions of mutation {unknown}
 f - a potion of might {unknown}
 g - 2 potions of heal wounds {unknown}


   Skills:
 - Level 1.7 Dodging
 - Level 1.7 Stealth
 + Level 2.8 Unarmed Combat
 - Level 2.0 Spellcasting
 - Level 1.0 Conjurations
 + Level 2.4 Ice Magic
 + Level 4.9 Air Magic


You had 4 spell levels left.
You knew the following spells:

 Your Spells              Type           Power      Damage    Failure   Level
a - Shock                 Conj/Air       44%        1d5       6%          1
b - Frozen Ramparts       Ice            20%        1d4       22%         3

Your spell library contained the following spells:

 Spells                   Type           Power      Damage    Failure   Level
 Freeze                   Ice            40%        1d6       7%          1
 Swiftness                Air            18%        N/A       8%          3
 Static Discharge         Conj/Air       11%        N/A       9%          2
 Beastly Appendage        Tmut           2%         N/A       19%         1
 Airstrike                Air            9%         N/A       26%         4
 Wereblood                Tmut           1%         N/A       28%         2
 Spider Form              Tmut/Pois      1%         N/A       50%         3
 Hailstorm                Conj/Ice       7%         3d4       67%         4


Dungeon Overview and Level Annotations

Branches:
Dungeon (4/15)             Temple (1/1) D:4

Altars:
Cheibriados
Hepliaklqana
Okawaru
Qazlal
Wu Jian
Xom
Zin

Annotations:
D:4 3 runed translucent doors, Dowan; Duvessa; Stoinky's ghost, amateur MiAK


Innate Abilities, Weirdness & Mutations

Your plain brown scales are hard. (AC +5)
You cannot fit into any form of body armour.
You are cold-blooded and may be slowed by cold attacks.


Message History

Duvessa is moderately wounded.
The zap hits Duvessa.
Duvessa is heavily wounded.
The wall freezes Duvessa.
Duvessa hits you with a +0 short sword!
* * * LOW HITPOINT WARNING * * *
Aiming: Shock (safe; 6% risk of failure)
Press: ? - help, Q - select action, (/) - cycle Shift-Dir - straight line The zap hits Duvessa but does no damage.
Duvessa is heavily wounded.
The zap hits Duvessa.
Duvessa is severely wounded.
The frozen ramparts melt away.
Duvessa completely misses you.
Aiming: Shock (safe; 6% risk of failure)
Press: ? - help, Q - select action, (/) - cycle Shift-Dir - straight line The zap hits Duvessa.
Duvessa is severely wounded.
The zap hits Duvessa.
Duvessa is severely wounded.
Duvessa closely misses you.
Casting: Shock (safe; 6% risk of failure)
Confirm with . or Enter, or press ? or * to list all spells.
Okay, then.
Unknown command.
Aiming: Shock (safe; 6% risk of failure)
Press: ? - help, Q - select action, (/) - cycle Shift-Dir - straight line The zap hits Duvessa.
Duvessa is almost dead.
The zap misses Duvessa.
Duvessa hits you with a +0 short sword.
* * * LOW HITPOINT WARNING * * *
Aiming: Shock (safe; 6% risk of failure)
Press: ? - help, Q - select action, (/) - cycle Shift-Dir - straight line The zap hits Duvessa.
Duvessa is almost dead.
The zap hits Duvessa.
Duvessa is almost dead.
Duvessa hits you with a +0 short sword!
* * * LOW HITPOINT WARNING * * *
Duvessa hits you with a +0 short sword.
You die...

.#oo#8. .##..#e###...### .#..##.
#.###.#.#...### .#.....
#.........#.# 8######
#.####.#..e.########## #.#
#........#...#.......# #.#
#.####.........#####.# .##
#.#......#...#######.### ##
##.#.##.e###.## #....... .#
#.......@# #.# #.##.### .#
#........# #.# #.##.# # .#
###.##)###.###'## #[##.### .#
#......# #.##...## #.##...# .#
#.#.#### #.#.....###.####.# .#
#.#..## #........##.###..#
.######.#...####.........#.##...#
.........................'.......
.#.####.#...####.........####...#


You could see Duvessa and Dowan.

Vanquished Creatures
  A scorpion (D:4)
  7 adders
  An ufetubus (D:3)
  An adder skeleton (D:3)
  4 worms
  4 orcs
  4 endoplasms
  4 giant cockroaches
  8 hobgoblins
  7 jackals (D:1)
  2 kobolds
  5 quokkas
  7 ball pythons
  5 bats
  16 frilled lizards
  6 goblins
  3 rats
85 creatures vanquished.

Vanquished Creatures (others)
  6 plants (D:1)
6 creatures vanquished.

Grand Total: 91 creatures vanquished

Notes
Turn   | Place    | Note
-------+----------+-------------------------------------------
     0 | D:1      | pkoi the Draconian Air Elementalist began the quest for the
                  | Orb.
     0 | D:1      | Reached XP level 1. HP: 14/14 MP: 3/3
   711 | D:1      | Reached XP level 2. HP: 20/20 MP: 0/5
  1225 | D:1      | Reached skill level 4 in Air Magic
  1240 | D:1      | Reached XP level 3. HP: 4/26 MP: 2/6
  1634 | D:1      | Learned a level 3 spell: Frozen Ramparts
  1816 | D:1      | Reached skill level 1 in Unarmed Combat
  2784 | D:2      | Reached skill level 1 in Ice Magic
  2935 | D:2      | Reached XP level 4. HP: 27/33 MP: 4/7
  3592 | D:2      | Found a faded altar of an unknown god.
  4198 | D:3      | Noticed an orc warrior
  4424 | D:3      | Found an ornate altar of the Wu Jian Council.
  4915 | D:3      | Reached XP level 5. HP: 38/38 MP: 4/8
  5659 | D:4      | Found a runed translucent gate.
  5659 | D:4      | Found a runed translucent gate.
  5661 | D:4      | Found a runed translucent gate.
  5661 | D:4      | Identified the +5 hand axe of the Vestibule of Hell {holy,
                  | rPois rCorr Dex-4}
  5661 | D:4      | Identified the +5 scale mail "Quokhoum" {Int+2}
  6205 | D:4      | Noticed Stoinky's ghost (amateur MiAK)
  6208 | D:4      | Noticed an orc warrior
  6291 | D:4      | Noticed an ogre
  6769 | D:4      | Found a staircase to the Ecumenical Temple.
  6783 | Temple   | Entered the Ecumenical Temple
  6827 | Temple   | Became a worshipper of Hepliaklqana the Forgotten
  6838 | D:4      | Noticed Duvessa
  6838 | D:4      | Noticed Dowan
  7442 | D:4      | HP: 1/38 [Duvessa/+0 short sword (9)]
  7443 | D:4      | Slain by Duvessa

Illustrated notes

Levels and vault maps discovered:
D:1:      nzn_arrival_settlement, layout_loops_ring, minmay_lizard_king
D:2:      layout_loops_corners, chequers_ecumenical_altar_twisty,
          minmay_mini_jars
D:3:      layout_loops_cross, nicolae_wu_jian_wuxing_cycle,
          kennysheep_generic_room_15
D:4:      layout_loops_corners, minmay_temple_entry_slanted,
          biasface_ghost_orc_armoury, lightli_ossuary_entry_decrepit_ruins,
          uniq_duvessa
Temple:   mainiacjoe_temple_bowtie_tessellation

Skill      XL: |  1  2  3  4  5 |
---------------+----------------+-----
Air Magic      | 4 |  4.9
Unarmed Combat | 1 2 |  2.8
Ice Magic      | 1 2 |  2.4
Dodging        | |  1.7
Stealth        | |  1.7
Spellcasting   | |  2.0
Conjurations   | |  1.0

Action                   |  1- 3 |  4- 6 || total
-------------------------+-------+-------++-------
Melee: Unarmed           |   119 |    54 ||   173
       Tailslap          |    12 |     8 ||    20
 Cast: Shock             |    66 |   124 ||   190
       Frozen Ramparts   |       |     1 ||     1
 Stab: Sleeping          |     1 |       ||     1
Armor: Skin              |    36 |    21 ||    57
Dodge: Dodged            |    78 |    39 ||   117
